AoeStats
← 374216472

MegaRandom

509347882Analyzed
4v4 RM · 5d ago on Sep 26, 2026· 38m 39s· 8 players
Game mode
Random Map
Map size
Large (8 player)
Population
200
Speed
Normal
Resources
Standard
Victory
Conquest
Starting age
Dark Age
Ending age
Imperial Age
RankedLock teamsTeams togetherTeam positionsShared explorationLock speedFull tech treeHidden civsTurbo modeCheats
Victory
Defeat
🇩🇰 Italians · Denmark
1028
+12
🇩🇪 Romans · Germany
936
+16
🇷🇸 Varangians · Serbia
930
+16
🇫🇷 Vikings · France
887
+18
🇦🇷 Italians · Argentina
984
-18
🇭🇰 Magyars · Hong Kong SAR China
965
-36
🇨🇳 Franks · China
928
-15
🇺🇸 Varangians · United States
839
-12
GermanWolf7
0:45 Loom
11:19 Feudal Age
12:32 Double-Bit Axe
21:48 Castle Age
21:50 Wheelbarrow
34:37 Imperial Age
34:19 Forging
34:15 Scale Barding Armor
34:32 Bow Saw
34:41 Fletching
34:52 Scale Mail Armor
35:00 Heavy Scorpion
MrBubbles
13:28 Feudal Age
11:50 Loom
14:08 Fishing Lines
15:41 Double-Bit Axe
15:49 Gold Mining
20:17 Castle Age
18:50 Fletching
19:41 Stone Mining
21:16 Thumb Ring
21:50 Wheelbarrow
21:41 Bow Saw
22:02 Padded Archer Armor
23:32 Gillnets
23:45 Elite Skirmisher
29:59 Imperial Age
28:51 Bodkin Arrow
29:28 Ballistics
31:24 Forging
31:20 Scale Barding Armor
31:33 Horse Collar
33:03 Two-Man Saw
32:56 Medium Warships
35:07 Conscription
36:18 Hand Cart
37:10 Stone Shaft Mining
37:43 Chemistry
38:36 Heavy Warships
38:46 Shipwright
38:13 Elite Cannon Galleon
Frardor /Transis
1:51 Loom
17:20 Feudal Age
17:54 Gold Mining
18:38 Double-Bit Axe
18:58 Town Watch
19:19 Fishing Lines
22:52 Fletching
26:10 Castle Age
26:57 Bodkin Arrow
27:18 Medium Warships
28:58 Gillnets
30:02 Squires
29:47 Arson
30:17 Forging
30:07 Scale Mail Armor
30:33 Ballistics
30:11 Heated Shot
30:35 Careening
30:36 Clinker Construction
30:17 Heated Shot
30:25 Murder Holes
30:40 Fortified Wall
30:36 Siphons
30:12 Treadmill Crane
31:15 Horse Collar
31:47 Bow Saw
32:53 Iron Casting
32:33 Chain Mail Armor
38:26 Imperial Age
38:29 Elite Longship
Tonik
5:05 Loom
12:47 Feudal Age
15:01 Wheelbarrow
14:08 Horse Collar
14:15 Double-Bit Axe
15:24 Fishing Lines
22:21 Castle Age
24:18 Bow Saw
24:11 Heavy Plow
24:22 Town Watch
25:32 Gold Mining
25:34 Stone Mining
26:44 Hand Cart
26:59 Fletching
27:15 Scale Barding Armor
27:21 Forging
30:22 Vendel Legacy
31:23 Medium Warships
32:21 Gillnets
32:41 Bodkin Arrow
33:08 Clinker Construction
34:34 Ballistics
34:25 Careening
38:45 Imperial Age
37:21 Masonry
36:51 Treadmill Crane
37:07 Murder Holes
37:24 Fortified Wall
37:17 Caravan
37:56 Iron Casting
37:46 Chain Barding Armor
AEC008
2:44 Loom
13:54 Feudal Age
15:12 Wheelbarrow
14:24 Double-Bit Axe
16:50 Fishing Lines
24:00 Castle Age
22:14 Gold Mining
25:12 Bow Saw
25:56 Forging
25:53 Gambesons
28:46 Gillnets
29:50 Iron Casting
33:25 Scale Mail Armor
SMNT-Chifuego
6:01 Loom
10:08 Feudal Age
18:09 Castle Age
18:48 Double-Bit Axe
22:04 Bow Saw
32:11 Medium Warships
33:04 Demolition Ship
顺风打工人
4:10 Loom
14:36 Feudal Age
14:48 Man-at-Arms
15:19 Double-Bit Axe
19:59 Forging
22:47 Castle Age
20:44 Gold Mining
21:10 Scale Barding Armor
22:42 Stone Mining
24:09 Chain Barding Armor
24:25 Iron Casting
23:40 Light Cavalry
25:19 Town Watch
27:38 Wheelbarrow
31:23 Bow Saw
32:52 Fishing Lines
35:06 Gold Shaft Mining
35:30 Hand Cart
374216472
9:45 Feudal Age
15:13 Wheelbarrow
15:18 Double-Bit Axe
16:11 Horse Collar
23:03 Castle Age
21:03 Stone Mining
23:04 Gold Mining
24:02 Bow Saw
23:54 Heavy Plow
24:17 Bloodlines
26:51 Husbandry
28:26 Gold Shaft Mining
29:07 Hand Cart
30:21 Medium Warships
30:54 Fishing Lines
31:50 Town Watch
32:17 Corvinian Army
Connection lost

Rejoining the realm…

Still unreachable

The connection could not be restored.

Session expired

The server has moved on; the page needs a fresh start.